Bears vs Canucks
Created - May 31, 2024 at 00:12
Goals
|
| Bears |
2 |
1 |
0 |
0 |
3 |
| Canucks |
2 |
1 |
0 |
1 |
4 |
|
Shots
|
| Bears |
15 |
15 |
8 |
3 |
41 |
| Canucks |
11 |
10 |
1 |
3 |
25 |
|
1st period
1. Canucks , Jean-Sebastien Dea 6 (Trevor Moore 3) at 9:08 (PP)
2. Canucks , Jean-Sebastien Dea 7 (Trevor Moore 4, Juho Lammikko 8) at 13:17
3. Bears , Christian Dvorak 6 (Gianluca Curcuruto 9) at 17:53 (PP)
4. Bears , Nicolas Aube-Kubel 5 (Kerby Rychel 10, Emil Johansson 2) at 18:52
Penalties :
Christian Dvorak (Her) for Roughing (Minor) at 8:34, Daniil Miromanov (Abb) for Tripping (Minor) at 14:31, Jean-Sebastien Dea (Abb) for Hooking (Minor) at 17:37
2nd period
5. Canucks , Curtis Lazar 8 (Ryan Lomberg 11, Nicolas Petan 12) at 2:06
6. Bears , Vincent Dunn 2 (Michael Prapavessis 1) at 12:35
Penalties :
Curtis Lazar (Abb) for Delaying the game (Minor) at 8:51, Tyler Graovac (Abb) for Cross-checking (Minor) at 19:49
3rd period
No Goal
Penalties :
Ryan Lomberg (Abb) for Slashing (Minor) at 5:32, Jack Rathbone (Abb) for Interference (Minor) at 15:40
Overtime #1
7. Canucks , Guillaume Brisebois 2 (Juho Lammikko 9, Jean-Sebastien Dea 8) at 6:54
Penalties :
William Lockwood (Abb) for Tripping (Minor) at 4:23
Goalie Stats
Artyom Zagidulin (Her), 21 saves from 25 shots - (0.840), OTL, 1-1-1, 66:54 minutes
Casey DeSmith (Abb), 38 saves from 41 shots - (0.927), W, 6-0-0, 66:54 minutes
Players Stats for Bears
Player Name G A P +/- PIM S H SB GA TA FO MP PP MP PK MP
------------------------------------------------------------------------------------
A.J. Jenks 0 0 0 0 0 3 1 0 0 0 0/0 19:58 5:25 0:34
Adam Lowry 0 0 0 -1 0 2 2 0 0 0 1/3 11:41 0:17 0:00
Austin Wuthrich 0 0 0 0 0 3 3 0 1 0 0/1 19:19 5:23 0:00
Christian Dvorak 1 0 1 0 2 1 2 1 0 0 11/22 23:08 6:28 0:00
Colby Cave 0 0 0 -1 0 0 1 0 0 0 0/1 9:55 0:00 0:00
Cole Smith 0 0 0 0 0 4 1 0 0 0 0/0 12:07 0:00 0:00
Emil Johansson 0 1 1 -1 0 0 1 0 0 1 0/0 13:51 0:00 0:00
Gianluca Curcuruto 0 1 1 0 0 1 1 3 1 1 0/0 28:45 7:16 0:26
Jacob Bryson 0 0 0 -1 0 2 0 1 0 2 0/0 19:41 4:54 0:00
Kerby Rychel 0 1 1 0 0 1 3 0 1 0 0/3 23:41 6:21 0:34
Michael Prapavessis 0 1 1 0 0 1 2 0 1 1 0/0 18:35 0:00 0:08
Mikko Vainonen 0 0 0 0 0 1 1 1 0 1 0/0 28:45 7:16 0:26
Nicholas Caamano 0 0 0 0 0 2 2 2 0 0 0/0 14:15 0:26 0:00
Nicolas Aube-Kubel 1 0 1 0 0 6 2 1 1 0 2/4 23:09 6:21 0:00
Nikolay Prokhorkin 0 0 0 -1 0 0 0 0 1 0 0/0 11:42 0:24 0:00
Sam Carrick 0 0 0 0 0 4 0 0 0 1 6/13 19:05 5:25 0:00
Tommy Vannelli 0 0 0 0 0 5 0 1 0 3 0/0 24:18 4:54 0:08
Vincent Dunn 1 0 1 0 0 5 1 0 0 1 4/8 12:00 0:00 0:00
Players Stats for Canucks
Player Name G A P +/- PIM S H SB GA TA FO MP PP MP PK MP
------------------------------------------------------------------------------------
Adam Ollas-Mattsson 0 0 0 0 0 1 2 0 0 0 0/0 21:27 0:00 4:46
Anton Zlobin 0 0 0 0 0 0 0 0 0 0 0/0 0:31 0:00 0:00
Brandon Saigeon 0 0 0 0 0 0 0 0 0 0 0/0 0:00 0:00 0:00
Charles Hudon 0 0 0 0 0 0 0 0 0 0 0/0 2:54 0:00 1:54
Curtis Lazar 1 0 1 -1 2 3 1 0 0 0 1/1 19:14 0:20 2:23
Dan Renouf 0 0 0 0 0 0 0 3 1 1 0/0 26:11 0:34 7:24
Daniil Miromanov 0 0 0 1 2 1 1 2 0 0 0/0 15:25 0:00 0:00
Guillaume Brisebois 1 0 1 1 0 1 1 1 0 1 0/0 15:26 0:00 0:00
Jack Rathbone 0 0 0 0 2 0 0 0 0 0 0/0 3:55 0:00 0:00
Jaret Anderson-Dolan 0 0 0 0 0 0 0 0 0 0 0/0 0:13 0:00 0:13
Jay O'Brien 0 0 0 0 0 0 0 0 0 0 0/0 0:00 0:00 0:00
Jean-Sebastien Dea 2 1 3 2 2 2 7 0 0 0 4/8 18:45 0:14 3:15
Juho Lammikko 0 2 2 2 0 1 2 0 2 0 1/1 15:31 0:14 0:00
Lane Pederson 0 0 0 0 0 1 1 0 0 0 3/4 10:12 0:00 0:45
Mackenzie MacEachern 0 0 0 0 0 2 2 0 1 0 0/1 9:12 0:00 0:00
Michael Joly 0 0 0 0 0 2 0 0 0 0 0/0 12:22 0:00 0:00
Nicolas Petan 0 1 1 -1 0 3 1 1 0 2 18/31 23:24 0:20 6:45
Phil Di Giuseppe 0 0 0 0 0 2 0 0 0 1 0/0 12:22 0:00 0:00
Rasmus Asplund 0 0 0 0 0 0 0 2 0 0 0/2 4:06 0:00 3:34
Ryan Lomberg 0 1 1 -1 2 1 0 1 3 0 4/7 22:16 0:20 5:31
Scott Harrington 0 0 0 0 0 0 1 3 3 0 0/0 30:01 0:34 7:24
Trevor Moore 0 2 2 2 0 1 3 1 0 0 0/0 15:31 0:14 0:00
Tyler Graovac 0 0 0 0 2 2 0 0 0 0 0/0 12:21 0:00 0:00
William Lagesson 0 0 0 0 0 2 3 1 1 1 0/0 21:27 0:00 4:46
William Lockwood 0 0 0 0 2 0 1 0 0 0 0/0 9:27 0:00 0:00
3 Stars
1 - Jean-Sebastien Dea (Abb)
2 - Trevor Moore (Abb)
3 - Juho Lammikko (Abb)
Power Play
Bears - 1 on 7 Attempt(s) - 14.29%
Canucks - 1 on 1 Attempt(s) - 100.00%
Penalty Kill
Bears - 0 on 1 Attempt(s) - 0.00%
- Score 0 goal in Penalty Kill
Canucks - 6 on 7 Attempt(s) - 85.71%
- Score 0 goal in Penalty Kill
Team Stat
Bears - Hits : 23 - Faceoff Wins : 24 - Blocked Shots : 10 - Penalty Minutes : 2
Canucks - Hits : 26 - Faceoff Wins : 31 - Blocked Shots : 15 - Penalty Minutes : 14
Official
Referees : Graham Skilliter and Furman South
Linesman : Scott Cherrey and Ryan Gibbons
Game Notes
No Game Note
Finance
Level 1 -- Attendance: 2000 (100.00%) -- Ticket Income $140,000
Level 2 -- Attendance: 1000 (100.00%) -- Ticket Income $40,000
Total Attendance: 3000 (100.00%)
Total Ticket Income: $180,000
Other Income: $9,000
Total Income: $189,000
Bears
5 vs 5 Forward
Center Left Wing Right Wing Time % Phy DF OF
1 Christian Dvorak Kerby Rychel Nicolas Aube-Kubel 40 0 1 4
2 Sam Carrick A.J. Jenks Austin Wuthrich 35 0 1 4
3 Vincent Dunn Cole Smith Nicholas Caamano 15 0 2 3
4 Adam Lowry Nikolay Prokhorkin Colby Cave 10 0 3 2
5 vs 5 Defense
Defense Defense Time % Phy DF OF
1 Mikko Vainonen Gianluca Curcuruto 40 0 3 2
2 Michael Prapavessis Tommy Vannelli 35 0 4 1
3 Jacob Bryson Emil Johansson 15 0 1 4
4 Mikko Vainonen Gianluca Curcuruto 10 0 4 1
PowerPlay Forward
Center Left Wing Right Wing Time % Phy DF OF
1 Christian Dvorak Kerby Rychel Nicolas Aube-Kubel 60 0 1 4
2 Sam Carrick A.J. Jenks Austin Wuthrich 40 0 1 4
PowerPlay Defense
Defense Defense Time % Phy DF OF
1 Mikko Vainonen Gianluca Curcuruto 60 0 2 3
2 Jacob Bryson Tommy Vannelli 40 0 2 3
Penalty Kill 4 Players Forward
Center Wing Time % Phy DF OF
1 Christian Dvorak A.J. Jenks 60 0 3 2
2 Sam Carrick Nicolas Aube-Kubel 40 0 3 2
Penalty Kill 4 Players Defense
Defense Defense Time % Phy DF OF
1 Mikko Vainonen Gianluca Curcuruto 60 0 4 1
2 Michael Prapavessis Tommy Vannelli 40 0 4 1
Penalty Kill - 3 Players Forward
Forward Time % Phy DF OF
1 Christian Dvorak 60 0 4 1
2 Sam Carrick 40 0 4 1
Penalty Kill - 3 Players Defense
Defense Defense Time % Phy DF OF
1 Mikko Vainonen Gianluca Curcuruto 60 0 5 0
2 Michael Prapavessis Tommy Vannelli 40 0 5 0
4 vs 4 Forward
Center Wing Time % Phy DF OF
1 Christian Dvorak Nicolas Aube-Kubel 60 0 1 4
2 Sam Carrick Kerby Rychel 40 0 1 4
4 vs 4 Defense
Defense Defense Time % Phy DF OF
1 Mikko Vainonen Gianluca Curcuruto 60 0 2 3
2 Michael Prapavessis Tommy Vannelli 40 0 2 3
Last Minutes Offensive
Center Left Wing Right Wing Defense Defense
Christian Dvorak Kerby Rychel Nicolas Aube-Kubel Mikko Vainonen Gianluca Curcuruto
Last Minutes Defensive
Center Left Wing Right Wing Defense Defense
Christian Dvorak Kerby Rychel Nicolas Aube-Kubel Mikko Vainonen Gianluca Curcuruto
Goaltenders
Starting : Artyom Zagidulin
Backup : Jake Allen
Extra Forwards
Normal : Kerby Rychel, Nicolas Aube-Kubel, Christian Dvorak - PP : Kerby Rychel, Nicolas Aube-Kubel - PK : Kerby Rychel
Extra Defensemen
Normal : Mikko Vainonen, Gianluca Curcuruto, Tommy Vannelli - PP : Mikko Vainonen - PK : Mikko Vainonen, Gianluca Curcuruto
Penalty Shots
Kerby Rychel, Nicolas Aube-Kubel, Christian Dvorak, A.J. Jenks, Sam Carrick
Custom OT Lines Forwards
Kerby Rychel, Nicolas Aube-Kubel, Christian Dvorak, A.J. Jenks, Sam Carrick, Austin Wuthrich, Nikolay Prokhorkin, Vincent Dunn, Colby Cave, Adam Lowry
Custom OT Lines Defensemen
Mikko Vainonen, Gianluca Curcuruto, Tommy Vannelli, Michael Prapavessis, Jacob Bryson
Scratches
Blake Speers (Healthy), Jesper Pettersson (Healthy), Joshua Leivo (Healthy), David Farrance (Healthy), Mackenze Stewart (Healthy)
Zack Hayes (Healthy), Mario Ferraro (Healthy), Will Reilly (Healthy), Kristians Rubins (Healthy), Ryan Graves (Sprained Right Knee Injury)
Isaac Ratcliffe (Healthy), Jakob Stenqvist (Healthy), Arvid Henrikson (Healthy), Kirill Maksimov (Healthy)
Canucks
5 vs 5 Forward
Center Left Wing Right Wing Time % Phy DF OF
1 Nicolas Petan Ryan Lomberg Curtis Lazar 40 1 2 2
2 Jean-Sebastien Dea Trevor Moore Juho Lammikko 30 1 2 2
3 Tyler Graovac Phil Di Giuseppe Michael Joly 20 1 2 2
4 Lane Pederson Mackenzie MacEachern William Lockwood 10 1 2 2
5 vs 5 Defense
Defense Defense Time % Phy DF OF
1 Scott Harrington Dan Renouf 40 1 2 2
2 Adam Ollas-Mattsson William Lagesson 30 1 2 2
3 Daniil Miromanov Guillaume Brisebois 20 1 2 2
4 Jack Rathbone Scott Harrington 10 1 2 2
PowerPlay Forward
Center Left Wing Right Wing Time % Phy DF OF
1 Nicolas Petan Ryan Lomberg Curtis Lazar 60 1 2 2
2 Jean-Sebastien Dea Trevor Moore Juho Lammikko 40 1 2 2
PowerPlay Defense
Defense Defense Time % Phy DF OF
1 Scott Harrington Dan Renouf 60 1 2 2
2 Adam Ollas-Mattsson William Lagesson 40 1 2 2
Penalty Kill 4 Players Forward
Center Wing Time % Phy DF OF
1 Ryan Lomberg Nicolas Petan 60 1 2 2
2 Curtis Lazar Jean-Sebastien Dea 40 1 2 2
Penalty Kill 4 Players Defense
Defense Defense Time % Phy DF OF
1 Scott Harrington Dan Renouf 60 1 2 2
2 Adam Ollas-Mattsson William Lagesson 40 1 2 2
Penalty Kill - 3 Players Forward
Forward Time % Phy DF OF
1 Ryan Lomberg 60 1 2 2
2 Nicolas Petan 40 1 2 2
Penalty Kill - 3 Players Defense
Defense Defense Time % Phy DF OF
1 Scott Harrington Dan Renouf 60 1 2 2
2 Adam Ollas-Mattsson William Lagesson 40 1 2 2
4 vs 4 Forward
Center Wing Time % Phy DF OF
1 Ryan Lomberg Nicolas Petan 60 1 2 2
2 Curtis Lazar Jean-Sebastien Dea 40 1 2 2
4 vs 4 Defense
Defense Defense Time % Phy DF OF
1 Scott Harrington Dan Renouf 60 1 2 2
2 Adam Ollas-Mattsson William Lagesson 40 1 2 2
Last Minutes Offensive
Center Left Wing Right Wing Defense Defense
Nicolas Petan Ryan Lomberg Curtis Lazar Scott Harrington Dan Renouf
Last Minutes Defensive
Center Left Wing Right Wing Defense Defense
Nicolas Petan Ryan Lomberg Curtis Lazar Scott Harrington Dan Renouf
Goaltenders
Starting : Casey DeSmith
Backup : Thatcher Demko
Extra Forwards
Normal : Charles Hudon, Anton Zlobin, Rasmus Asplund - PP : Charles Hudon, Anton Zlobin - PK : Rasmus Asplund
Extra Defensemen
Normal : Daniil Miromanov, Guillaume Brisebois, Jack Rathbone - PP : Daniil Miromanov - PK : Guillaume Brisebois, Jack Rathbone
Penalty Shots
Ryan Lomberg, Nicolas Petan, Curtis Lazar, Jean-Sebastien Dea, Juho Lammikko
Custom OT Lines Forwards
Ryan Lomberg, Nicolas Petan, Curtis Lazar, Jean-Sebastien Dea, Juho Lammikko, Trevor Moore, Phil Di Giuseppe, Mackenzie MacEachern, Charles Hudon, Michael Joly
Custom OT Lines Defensemen
Scott Harrington, Dan Renouf, Adam Ollas-Mattsson, William Lagesson, Daniil Miromanov
Scratches
Daniel Zaar (Suspend), Juuso Riikola (Bruised Left Arm Injury), Marek Langhamer (Healthy), Michael Dipietro (Healthy)
% Time on Ice - Bears
Lines # - Real PCT - Wanted PCT - Time Play
Normal Forward
1 - 33% - 40% - 17:59
2 - 27% - 35% - 14:41
3 - 22% - 15% - 12:00
4 - 18% - 10% - 9:30
Normal Defense
1 - 37% - 40% - 20:01
2 - 37% - 35% - 19:50
3 - 25% - 15% - 13:17
4 - 2% - 10% - 1:02
PP Forward
1 - 55% - 60% - 6:45
2 - 45% - 40% - 5:25
PP Defense
1 - 60% - 60% - 7:16
2 - 40% - 40% - 4:54
PK Forward
1 - 100% - 60% - 0:34
2 - 0% - 40% - 0:00
PK Defense
1 - 76% - 60% - 0:26
2 - 24% - 40% - 0:08
PK3 Forward
1 - 0% - 60%
2 - 0% - 40%
PK3 Defense
1 - 0% - 60%
2 - 0% - 40%
44 Forward
1 - 0% - 60%
2 - 0% - 40%
44 Defense
1 - 0% - 60%
2 - 0% - 40%
Last Minute Offensive - 0:00
Last Minute Defensive - 0:00
Total
Forward - 66:54
Defense - 66:54
|
% Time on Ice - Canucks
Lines # - Real PCT - Wanted PCT - Time Play
Normal Forward
1 - 32% - 40% - 17:19
2 - 28% - 30% - 15:17
3 - 23% - 20% - 12:22
4 - 17% - 10% - 9:12
Normal Defense
1 - 34% - 40% - 18:13
2 - 31% - 30% - 16:41
3 - 28% - 20% - 15:26
4 - 7% - 10% - 3:50
PP Forward
1 - 59% - 60% - 0:20
2 - 41% - 40% - 0:14
PP Defense
1 - 100% - 60% - 0:34
2 - 0% - 40% - 0:00
PK Forward
1 - 73% - 60% - 8:55
2 - 27% - 40% - 3:15
PK Defense
1 - 61% - 60% - 7:24
2 - 39% - 40% - 4:46
PK3 Forward
1 - 0% - 60%
2 - 0% - 40%
PK3 Defense
1 - 0% - 60%
2 - 0% - 40%
44 Forward
1 - 0% - 60%
2 - 0% - 40%
44 Defense
1 - 0% - 60%
2 - 0% - 40%
Last Minute Offensive - 0:00
Last Minute Defensive - 0:00
Total
Forward - 66:54
Defense - 66:54
|
Play-by-Play
1st period
0:01 of 1st period - Christian Dvorak wins face-off versus Nicolas Petan in neutral zone.
0:06 of 1st period - Scott Harrington is hit by Kerby Rychel.
0:26 of 1st period - Mikko Vainonen is hit by Juho Lammikko and loses puck.
0:35 of 1st period - Slapshot by Gianluca Curcuruto.
0:35 of 1st period - Stopped by Casey DeSmith with a rebound.
0:43 of 1st period - Tommy Vannelli is hit by Jean-Sebastien Dea and loses puck.
1:04 of 1st period - Snap shot by Cole Smith.
1:04 of 1st period - Stopped by Casey DeSmith without a rebound.
1:05 of 1st period - Lane Pederson wins face-off versus Adam Lowry in Canucks zone.
1:32 of 1st period - Ryan Lomberg is hit by Emil Johansson and loses puck.
1:43 of 1st period - Wrist shot by Nicolas Aube-Kubel.
1:43 of 1st period - Stopped by Casey DeSmith without a rebound.
1:44 of 1st period - Juho Lammikko wins face-off versus Sam Carrick in Canucks zone.
2:15 of 1st period - Wrist shot by Kerby Rychel.
2:15 of 1st period - Shot Misses the Net.
2:35 of 1st period - Snap shot by Phil Di Giuseppe.
2:35 of 1st period - Stopped by Artyom Zagidulin with a rebound.
2:41 of 1st period - Wrist shot by Phil Di Giuseppe.
2:41 of 1st period - Deflect By Michael Joly.
2:41 of 1st period - Stopped by Artyom Zagidulin with a rebound.
2:43 of 1st period - Slapshot by William Lagesson.
2:43 of 1st period - Stopped by Artyom Zagidulin with a rebound.
2:53 of 1st period - Slapshot by Tommy Vannelli.
2:53 of 1st period - Shot Blocked by Scott Harrington.
3:20 of 1st period - Wrist shot by Sam Carrick.
3:20 of 1st period - Shot Misses the Net.
4:43 of 1st period - Jacob Bryson is hit by Jean-Sebastien Dea and loses puck.
5:05 of 1st period - Snap shot by Curtis Lazar.
5:05 of 1st period - Shot Misses the Net.
6:49 of 1st period - Snap shot by Tyler Graovac.
6:49 of 1st period - Shot Misses the Net.
7:11 of 1st period - Slapshot by Mackenzie MacEachern.
7:11 of 1st period - Stopped by Artyom Zagidulin without a rebound.
7:12 of 1st period - Nicolas Petan wins face-off versus Christian Dvorak in Bears zone.
7:15 of 1st period - Wrist shot by Curtis Lazar.
7:15 of 1st period - Shot Misses the Net.
7:17 of 1st period - Slapshot by Nicolas Petan.
7:17 of 1st period - Shot Blocked by Gianluca Curcuruto.
7:47 of 1st period - Sam Carrick is hit by William Lagesson and loses puck.
8:30 of 1st period - Wrist shot by Nicolas Petan.
8:30 of 1st period - Stopped by Artyom Zagidulin without a rebound.
8:31 of 1st period - Christian Dvorak wins face-off versus Jean-Sebastien Dea in Bears zone.
8:31 of 1st period - Christian Dvorak is hit by Jean-Sebastien Dea.
8:34 of 1st period - Minor Penalty to Christian Dvorak for Roughing.
8:35 of 1st period - Nicolas Petan wins face-off versus Kerby Rychel in Bears zone.
9:08 of 1st period - Snap shot by Jean-Sebastien Dea.
9:08 of 1st period - Goal by Jean-Sebastien Dea - Bears : 0 - Canucks : 1.
9:09 of 1st period - Christian Dvorak wins face-off versus Nicolas Petan in neutral zone.
9:37 of 1st period - Snap shot by Sam Carrick.
9:37 of 1st period - Deflect By Scott Harrington.
9:37 of 1st period - Stopped by Casey DeSmith with a rebound.
10:17 of 1st period - Gianluca Curcuruto is hit by Adam Ollas-Mattsson and loses puck.
10:42 of 1st period - Nicolas Aube-Kubel is hit by Guillaume Brisebois.
11:36 of 1st period - Wrist shot by Cole Smith.
11:36 of 1st period - Stopped by Casey DeSmith with a rebound.
11:38 of 1st period - Snap shot by Tommy Vannelli.
11:38 of 1st period - Stopped by Casey DeSmith with a rebound.
11:40 of 1st period - Slapshot by Tommy Vannelli.
11:40 of 1st period - Stopped by Casey DeSmith with a rebound.
11:42 of 1st period - Slapshot by Tommy Vannelli.
11:42 of 1st period - Deflect By Adam Lowry.
11:42 of 1st period - Deflect By Mackenzie MacEachern.
11:42 of 1st period - Shot Blocked by Dan Renouf.
11:42 of 1st period - Puck is out of play.
11:43 of 1st period - Nicolas Petan wins face-off versus Adam Lowry in Canucks zone.
11:58 of 1st period - Wrist shot by Ryan Lomberg.
11:58 of 1st period - Stopped by Artyom Zagidulin with a rebound.
12:17 of 1st period - Snap shot by Juho Lammikko.
12:17 of 1st period - Stopped by Artyom Zagidulin with a rebound.
13:10 of 1st period - Jacob Bryson is hit by Jean-Sebastien Dea and loses puck.
13:15 of 1st period - Wrist shot by Trevor Moore.
13:15 of 1st period - Stopped by Artyom Zagidulin with a rebound.
13:17 of 1st period - Snap shot by Jean-Sebastien Dea.
13:17 of 1st period - Goal by Jean-Sebastien Dea - Bears : 0 - Canucks : 2.
13:18 of 1st period - Christian Dvorak wins face-off versus Nicolas Petan in neutral zone.
14:08 of 1st period - Scott Harrington is hit by Nicholas Caamano.
14:28 of 1st period - Wrist shot by Kerby Rychel.
14:28 of 1st period - Stopped by Casey DeSmith without a rebound.
14:29 of 1st period - Nicolas Petan wins face-off versus Sam Carrick in Canucks zone.
14:31 of 1st period - Minor Penalty to Daniil Miromanov for Tripping.
14:32 of 1st period - Christian Dvorak wins face-off versus Ryan Lomberg in Canucks zone.
14:38 of 1st period - Nicolas Aube-Kubel is hit by Nicolas Petan and loses puck.
14:46 of 1st period - Icing by Nicolas Aube-Kubel.
14:47 of 1st period - Ryan Lomberg wins face-off versus Christian Dvorak in Bears zone.
14:50 of 1st period - Wrist shot by Nicolas Petan.
14:50 of 1st period - Shot Blocked by Mikko Vainonen.
15:22 of 1st period - Wrist shot by Christian Dvorak.
15:22 of 1st period - Shot Misses the Net.
15:24 of 1st period - Snap shot by Nicolas Aube-Kubel.
15:24 of 1st period - Stopped by Casey DeSmith without a rebound.
15:25 of 1st period - Nicolas Petan wins face-off versus Sam Carrick in Canucks zone.
16:31 of 1st period - Penalty to Daniil Miromanov is over, Daniil Miromanov is back on ice.
16:41 of 1st period - Wrist shot by Vincent Dunn.
16:41 of 1st period - Stopped by Casey DeSmith without a rebound.
16:42 of 1st period - Vincent Dunn wins face-off versus Jean-Sebastien Dea in Canucks zone.
16:55 of 1st period - Slapshot by Vincent Dunn.
16:55 of 1st period - Stopped by Casey DeSmith without a rebound.
16:56 of 1st period - Nicolas Petan wins face-off versus Sam Carrick in Canucks zone.
17:37 of 1st period - Minor Penalty to Jean-Sebastien Dea for Hooking.
17:38 of 1st period - Nicolas Petan wins face-off versus Nicolas Aube-Kubel in Canucks zone.
17:49 of 1st period - Slapshot by Gianluca Curcuruto.
17:49 of 1st period - Shot Blocked by Dan Renouf.
17:51 of 1st period - Slapshot by Gianluca Curcuruto.
17:51 of 1st period - Shot Blocked by Dan Renouf.
17:53 of 1st period - Wrist shot by Christian Dvorak.
17:53 of 1st period - Goal by Christian Dvorak - Bears : 1 - Canucks : 2.
17:54 of 1st period - Christian Dvorak wins face-off versus Nicolas Petan in neutral zone.
17:59 of 1st period - Snap shot by Kerby Rychel.
17:59 of 1st period - Shot Misses the Net.
18:01 of 1st period - Slapshot by Mikko Vainonen.
18:01 of 1st period - Shot Blocked by Nicolas Petan.
18:03 of 1st period - Wrist shot by Mikko Vainonen.
18:03 of 1st period - Deflect By Nicolas Aube-Kubel.
18:03 of 1st period - Stopped by Casey DeSmith with a rebound.
18:21 of 1st period - Mikko Vainonen is hit by Juho Lammikko and loses puck.
18:46 of 1st period - Snap shot by Vincent Dunn.
18:46 of 1st period - Stopped by Casey DeSmith without a rebound.
18:47 of 1st period - Nicolas Petan wins face-off versus Christian Dvorak in Canucks zone.
18:52 of 1st period - Snap shot by Nicolas Aube-Kubel.
18:52 of 1st period - Goal by Nicolas Aube-Kubel - Bears : 2 - Canucks : 2.
18:53 of 1st period - Curtis Lazar wins face-off versus Christian Dvorak in neutral zone.
19:00 of 1st period - Backhand shot by Curtis Lazar.
19:00 of 1st period - Stopped by Artyom Zagidulin with a rebound.
19:12 of 1st period - Nicolas Petan is hit by Kerby Rychel and loses puck.
Goals for this period are 2 for Bears vs 2 for Canucks.
Shots for this period are 15 for Bears vs 11 for Canucks.
2nd period
0:01 of 2nd period - Nicolas Petan wins face-off versus Christian Dvorak in neutral zone.
0:26 of 2nd period - Jean-Sebastien Dea is hit by Austin Wuthrich and loses puck.
0:35 of 2nd period - Snap shot by A.J. Jenks.
0:35 of 2nd period - Stopped by Casey DeSmith with a rebound.
0:37 of 2nd period - Snap shot by Austin Wuthrich.
0:37 of 2nd period - Shot Misses the Net.
1:29 of 2nd period - William Lagesson is hit by Nicolas Aube-Kubel and loses puck.
1:50 of 2nd period - Wrist shot by A.J. Jenks.
1:50 of 2nd period - Stopped by Casey DeSmith without a rebound.
1:51 of 2nd period - Lane Pederson wins face-off versus Sam Carrick in Canucks zone.
1:58 of 2nd period - Wrist shot by Adam Ollas-Mattsson.
1:58 of 2nd period - Shot Misses the Net.
2:00 of 2nd period - Slapshot by William Lagesson.
2:00 of 2nd period - Stopped by Artyom Zagidulin without a rebound.
2:01 of 2nd period - Nicolas Petan wins face-off versus Christian Dvorak in Bears zone.
2:04 of 2nd period - Snap shot by Ryan Lomberg.
2:04 of 2nd period - Shot Misses the Net.
2:06 of 2nd period - Snap shot by Curtis Lazar.
2:06 of 2nd period - Goal by Curtis Lazar - Bears : 2 - Canucks : 3.
2:07 of 2nd period - Nicolas Petan wins face-off versus Christian Dvorak in neutral zone.
2:32 of 2nd period - Juho Lammikko is hit by Gianluca Curcuruto and loses puck.
2:59 of 2nd period - Slapshot by Tyler Graovac.
2:59 of 2nd period - Stopped by Artyom Zagidulin with a rebound.
3:01 of 2nd period - Snap shot by Phil Di Giuseppe.
3:01 of 2nd period - Stopped by Artyom Zagidulin with a rebound.
3:03 of 2nd period - Wrist shot by Michael Joly.
3:03 of 2nd period - Stopped by Artyom Zagidulin with a rebound.
3:17 of 2nd period - Snap shot by Adam Lowry.
3:17 of 2nd period - Stopped by Casey DeSmith with a rebound.
3:41 of 2nd period - Wrist shot by Kerby Rychel.
3:41 of 2nd period - Shot Misses the Net.
3:43 of 2nd period - Snap shot by Tommy Vannelli.
3:43 of 2nd period - Stopped by Casey DeSmith without a rebound.
3:44 of 2nd period - Sam Carrick wins face-off versus Nicolas Petan in Canucks zone.
3:45 of 2nd period - Wrist shot by Austin Wuthrich.
3:45 of 2nd period - Shot Blocked by Ryan Lomberg.
4:11 of 2nd period - Mikko Vainonen is hit by Jean-Sebastien Dea and loses puck.
4:22 of 2nd period - Wrist shot by Nicolas Aube-Kubel.
4:22 of 2nd period - Shot Misses the Net.
4:58 of 2nd period - Wrist shot by Ryan Lomberg.
4:58 of 2nd period - Shot Misses the Net.
5:41 of 2nd period - Slapshot by Nicolas Aube-Kubel.
5:41 of 2nd period - Stopped by Casey DeSmith with a rebound.
5:43 of 2nd period - Wrist shot by Christian Dvorak.
5:43 of 2nd period - Shot Blocked by Guillaume Brisebois.
5:45 of 2nd period - Snap shot by Michael Prapavessis.
5:45 of 2nd period - Stopped by Casey DeSmith with a rebound.
5:52 of 2nd period - Icing by Guillaume Brisebois.
5:53 of 2nd period - Jean-Sebastien Dea wins face-off versus Vincent Dunn in Canucks zone.
7:01 of 2nd period - Gianluca Curcuruto is hit by Mackenzie MacEachern.
7:07 of 2nd period - Snap shot by Lane Pederson.
7:07 of 2nd period - Stopped by Artyom Zagidulin with a rebound.
7:09 of 2nd period - Slapshot by Lane Pederson.
7:09 of 2nd period - Shot Blocked by Gianluca Curcuruto.
7:22 of 2nd period - Off-side.
7:23 of 2nd period - Vincent Dunn wins face-off versus Nicolas Petan in neutral zone.
7:34 of 2nd period - Wrist shot by Vincent Dunn.
7:34 of 2nd period - Stopped by Casey DeSmith without a rebound.
7:35 of 2nd period - Nicolas Petan wins face-off versus Christian Dvorak in Canucks zone.
7:46 of 2nd period - Snap shot by Nicolas Petan.
7:46 of 2nd period - Shot Misses the Net.
8:05 of 2nd period - Slapshot by Adam Ollas-Mattsson.
8:05 of 2nd period - Stopped by Artyom Zagidulin with a rebound.
8:19 of 2nd period - Snap shot by Tommy Vannelli.
8:19 of 2nd period - Stopped by Casey DeSmith with a rebound.
8:29 of 2nd period - Wrist shot by Nicholas Caamano.
8:29 of 2nd period - Stopped by Casey DeSmith without a rebound.
8:30 of 2nd period - Ryan Lomberg wins face-off versus Christian Dvorak in Canucks zone.
8:39 of 2nd period - Snap shot by Nicolas Petan.
8:39 of 2nd period - Stopped by Artyom Zagidulin with a rebound.
8:51 of 2nd period - Minor Penalty to Curtis Lazar for Delaying the game.
8:52 of 2nd period - Christian Dvorak wins face-off versus Ryan Lomberg in Canucks zone.
9:54 of 2nd period - Off-side.
9:55 of 2nd period - Sam Carrick wins face-off versus Rasmus Asplund in neutral zone.
9:58 of 2nd period - Rasmus Asplund is hit by Austin Wuthrich.
10:02 of 2nd period - William Lagesson is hit by Mikko Vainonen and loses puck.
10:39 of 2nd period - Austin Wuthrich is hit by William Lagesson and loses puck.
10:51 of 2nd period - Penalty to Curtis Lazar is over, Curtis Lazar is back on ice.
11:02 of 2nd period - Phil Di Giuseppe is hit by Adam Lowry and loses puck.
11:21 of 2nd period - Tommy Vannelli is hit by Trevor Moore and loses puck.
12:28 of 2nd period - Ryan Lomberg is hit by Cole Smith and loses puck.
12:35 of 2nd period - Slapshot by Vincent Dunn.
12:35 of 2nd period - Goal by Vincent Dunn - Bears : 3 - Canucks : 3.
12:36 of 2nd period - Nicolas Petan wins face-off versus Christian Dvorak in neutral zone.
13:44 of 2nd period - Snap shot by Curtis Lazar.
13:44 of 2nd period - Stopped by Artyom Zagidulin with a rebound.
13:46 of 2nd period - Slapshot by Curtis Lazar.
13:46 of 2nd period - Shot Misses the Net.
13:48 of 2nd period - Snap shot by Curtis Lazar.
13:48 of 2nd period - Shot Blocked by Nicholas Caamano.
14:02 of 2nd period - Lane Pederson is hit by Christian Dvorak and loses puck.
14:09 of 2nd period - Jacob Bryson is hit by Lane Pederson and loses puck.
14:28 of 2nd period - Juho Lammikko is hit by Austin Wuthrich and loses puck.
14:35 of 2nd period - Jacob Bryson is hit by Trevor Moore and loses puck.
14:56 of 2nd period - Snap shot by Michael Joly.
14:56 of 2nd period - Shot Misses the Net.
15:10 of 2nd period - Snap shot by Christian Dvorak.
15:10 of 2nd period - Shot Misses the Net.
15:12 of 2nd period - Slapshot by Jacob Bryson.
15:12 of 2nd period - Stopped by Casey DeSmith with a rebound.
15:26 of 2nd period - Slapshot by Lane Pederson.
15:26 of 2nd period - Shot Misses the Net.
15:36 of 2nd period - Snap shot by Vincent Dunn.
15:36 of 2nd period - Deflect By Daniil Miromanov.
15:36 of 2nd period - Shot Misses the Net.
15:36 of 2nd period - Puck is out of play.
15:37 of 2nd period - Sam Carrick wins face-off versus Nicolas Petan in Canucks zone.
16:11 of 2nd period - Slapshot by A.J. Jenks.
16:11 of 2nd period - Stopped by Casey DeSmith with a rebound.
16:13 of 2nd period - Snap shot by Austin Wuthrich.
16:13 of 2nd period - Shot Misses the Net.
16:15 of 2nd period - Snap shot by Sam Carrick.
16:15 of 2nd period - Stopped by Casey DeSmith without a rebound.
16:16 of 2nd period - Nicolas Aube-Kubel wins face-off versus Nicolas Petan in Canucks zone.
16:23 of 2nd period - Snap shot by Nicolas Aube-Kubel.
16:23 of 2nd period - Stopped by Casey DeSmith with a rebound.
16:41 of 2nd period - Michael Prapavessis is hit by Jean-Sebastien Dea and loses puck.
17:10 of 2nd period - Snap shot by Phil Di Giuseppe.
17:10 of 2nd period - Shot Blocked by Gianluca Curcuruto.
17:24 of 2nd period - Mackenzie MacEachern is hit by A.J. Jenks and loses puck.
17:37 of 2nd period - Snap shot by Sam Carrick.
17:37 of 2nd period - Stopped by Casey DeSmith with a rebound.
18:08 of 2nd period - Nicholas Caamano is hit by Trevor Moore and loses puck.
18:27 of 2nd period - Austin Wuthrich is hit by Daniil Miromanov and loses puck.
19:08 of 2nd period - Snap shot by Mackenzie MacEachern.
19:08 of 2nd period - Stopped by Artyom Zagidulin with a rebound.
19:49 of 2nd period - Minor Penalty to Tyler Graovac for Cross-checking.
19:50 of 2nd period - Ryan Lomberg wins face-off versus Christian Dvorak in Canucks zone.
Goals for this period are 1 for Bears vs 1 for Canucks.
Shots for this period are 15 for Bears vs 10 for Canucks.
3rd period
0:01 of 3rd period - Nicolas Aube-Kubel wins face-off versus Nicolas Petan in neutral zone.
1:49 of 3rd period - Penalty to Tyler Graovac is over, Tyler Graovac is back on ice.
2:06 of 3rd period - Tyler Graovac is hit by Adam Lowry and loses puck.
2:29 of 3rd period - Backhand shot by Scott Harrington.
2:29 of 3rd period - Shot Misses the Net.
3:01 of 3rd period - Michael Prapavessis is hit by William Lockwood and loses puck.
3:16 of 3rd period - Snap shot by Michael Joly.
3:16 of 3rd period - Shot Misses the Net.
3:22 of 3rd period - Michael Joly is hit by Colby Cave and loses puck.
3:49 of 3rd period - Jacob Bryson is hit by Adam Ollas-Mattsson and loses puck.
4:17 of 3rd period - Icing by Nicolas Petan.
4:18 of 3rd period - Christian Dvorak wins face-off versus Lane Pederson in Canucks zone.
4:22 of 3rd period - Icing by Daniil Miromanov.
4:23 of 3rd period - Christian Dvorak wins face-off versus Mackenzie MacEachern in Canucks zone.
4:49 of 3rd period - Guillaume Brisebois is hit by Christian Dvorak and loses puck.
5:23 of 3rd period - Icing by Tommy Vannelli.
5:24 of 3rd period - Christian Dvorak wins face-off versus Nicolas Petan in Bears zone.
5:32 of 3rd period - Minor Penalty to Ryan Lomberg for Slashing.
5:33 of 3rd period - Sam Carrick wins face-off versus Rasmus Asplund in Canucks zone.
5:39 of 3rd period - Wrist shot by Sam Carrick.
5:39 of 3rd period - Shot Misses the Net.
5:41 of 3rd period - Slapshot by Mikko Vainonen.
5:41 of 3rd period - Stopped by Casey DeSmith with a rebound.
5:45 of 3rd period - Snap shot by Austin Wuthrich.
5:45 of 3rd period - Stopped by Casey DeSmith with a rebound.
7:32 of 3rd period - Penalty to Ryan Lomberg is over, Ryan Lomberg is back on ice.
7:46 of 3rd period - Trevor Moore is hit by Vincent Dunn and loses puck.
7:52 of 3rd period - Off-side.
7:53 of 3rd period - Adam Lowry wins face-off versus Jean-Sebastien Dea in neutral zone.
8:02 of 3rd period - Snap shot by Juho Lammikko.
8:02 of 3rd period - Shot Misses the Net.
8:04 of 3rd period - Wrist shot by Jean-Sebastien Dea.
8:04 of 3rd period - Shot Blocked by Tommy Vannelli.
8:18 of 3rd period - Michael Joly is hit by Michael Prapavessis and loses puck.
8:23 of 3rd period - Slapshot by Cole Smith.
8:23 of 3rd period - Stopped by Casey DeSmith without a rebound.
8:24 of 3rd period - Vincent Dunn wins face-off versus Nicolas Petan in Canucks zone.
8:37 of 3rd period - Snap shot by Nicholas Caamano.
8:37 of 3rd period - Deflect By Cole Smith.
8:37 of 3rd period - Stopped by Casey DeSmith without a rebound.
8:38 of 3rd period - Sam Carrick wins face-off versus Nicolas Petan in Canucks zone.
8:39 of 3rd period - Wrist shot by Austin Wuthrich.
8:39 of 3rd period - Stopped by Casey DeSmith without a rebound.
8:40 of 3rd period - Nicolas Petan wins face-off versus Sam Carrick in Canucks zone.
8:53 of 3rd period - Snap shot by Sam Carrick.
8:53 of 3rd period - Stopped by Casey DeSmith with a rebound.
9:30 of 3rd period - Icing by Michael Prapavessis.
9:31 of 3rd period - Jean-Sebastien Dea wins face-off versus Vincent Dunn in Bears zone.
9:32 of 3rd period - Snap shot by Trevor Moore.
9:32 of 3rd period - Shot Blocked by Nicholas Caamano.
9:44 of 3rd period - Slapshot by Cole Smith.
9:44 of 3rd period - Shot Misses the Net.
9:46 of 3rd period - Snap shot by Tommy Vannelli.
9:46 of 3rd period - Stopped by Casey DeSmith with a rebound.
10:01 of 3rd period - Wrist shot by Kerby Rychel.
10:01 of 3rd period - Shot Blocked by William Lagesson.
10:03 of 3rd period - Slapshot by Mikko Vainonen.
10:03 of 3rd period - Shot Misses the Net.
10:05 of 3rd period - Snap shot by Christian Dvorak.
10:05 of 3rd period - Shot Blocked by Trevor Moore.
11:17 of 3rd period - Icing by Vincent Dunn.
11:18 of 3rd period - Lane Pederson wins face-off versus Vincent Dunn in Bears zone.
11:23 of 3rd period - Snap shot by William Lockwood.
11:23 of 3rd period - Shot Blocked by Jacob Bryson.
11:31 of 3rd period - Snap shot by Cole Smith.
11:31 of 3rd period - Shot Blocked by Scott Harrington.
11:33 of 3rd period - Slapshot by Nicholas Caamano.
11:33 of 3rd period - Stopped by Casey DeSmith without a rebound.
11:34 of 3rd period - Nicolas Petan wins face-off versus Austin Wuthrich in Canucks zone.
11:39 of 3rd period - Snap shot by Nicolas Petan.
11:39 of 3rd period - Shot Misses the Net.
12:01 of 3rd period - Gianluca Curcuruto is hit by Scott Harrington and loses puck.
12:13 of 3rd period - Icing by Christian Dvorak.
12:14 of 3rd period - Nicolas Petan wins face-off versus Nicolas Aube-Kubel in Bears zone.
12:15 of 3rd period - Snap shot by Curtis Lazar.
12:15 of 3rd period - Deflect By Nicolas Petan.
12:15 of 3rd period - Shot Blocked by Christian Dvorak.
12:15 of 3rd period - Puck is out of play.
12:16 of 3rd period - Sam Carrick wins face-off versus Nicolas Petan in Bears zone.
12:16 of 3rd period - Sam Carrick is hit by Curtis Lazar.
13:10 of 3rd period - William Lagesson is hit by Kerby Rychel and loses puck.
13:47 of 3rd period - Slapshot by Mackenzie MacEachern.
13:47 of 3rd period - Shot Misses the Net.
14:57 of 3rd period - Snap shot by Daniil Miromanov.
14:57 of 3rd period - Stopped by Artyom Zagidulin with a rebound.
15:15 of 3rd period - William Lagesson is hit by Michael Prapavessis and loses puck.
15:40 of 3rd period - Minor Penalty to Jack Rathbone for Interference.
15:41 of 3rd period - Christian Dvorak wins face-off versus Ryan Lomberg in Canucks zone.
15:54 of 3rd period - Scott Harrington is hit by Nicolas Aube-Kubel and loses puck.
16:17 of 3rd period - Wrist shot by Sam Carrick.
16:17 of 3rd period - Shot Misses the Net.
17:40 of 3rd period - Penalty to Jack Rathbone is over, Jack Rathbone is back on ice.
18:25 of 3rd period - Wrist shot by Phil Di Giuseppe.
18:25 of 3rd period - Shot Misses the Net.
18:35 of 3rd period - Wrist shot by Phil Di Giuseppe.
18:35 of 3rd period - Shot Misses the Net.
Goals for this period are 0 for Bears vs 0 for Canucks.
Shots for this period are 8 for Bears vs 1 for Canucks.
Overtime #1
0:01 of 1st overtime period - Nicolas Petan wins face-off versus Kerby Rychel in neutral zone.
0:10 of 1st overtime period - Wrist shot by Nicolas Petan.
0:10 of 1st overtime period - Stopped by Artyom Zagidulin with a rebound.
1:54 of 1st overtime period - Snap shot by Michael Joly.
1:54 of 1st overtime period - Shot Blocked by Nicolas Aube-Kubel.
1:56 of 1st overtime period - Snap shot by Tyler Graovac.
1:56 of 1st overtime period - Stopped by Artyom Zagidulin without a rebound.
1:57 of 1st overtime period - Nicolas Petan wins face-off versus Sam Carrick in Bears zone.
2:24 of 1st overtime period - Slapshot by Adam Lowry.
2:24 of 1st overtime period - Stopped by Casey DeSmith without a rebound.
2:25 of 1st overtime period - Jean-Sebastien Dea wins face-off versus Colby Cave in Canucks zone.
2:50 of 1st overtime period - Michael Prapavessis is hit by Mackenzie MacEachern and loses puck.
3:15 of 1st overtime period - Tommy Vannelli is hit by William Lagesson and loses puck.
3:40 of 1st overtime period - Snap shot by Sam Carrick.
3:40 of 1st overtime period - Shot Blocked by Daniil Miromanov.
3:58 of 1st overtime period - Wrist shot by Kerby Rychel.
3:58 of 1st overtime period - Shot Blocked by Daniil Miromanov.
4:23 of 1st overtime period - Minor Penalty to William Lockwood for Tripping.
4:24 of 1st overtime period - Ryan Lomberg wins face-off versus Kerby Rychel in Canucks zone.
4:59 of 1st overtime period - Snap shot by Austin Wuthrich.
4:59 of 1st overtime period - Stopped by Casey DeSmith with a rebound.
5:51 of 1st overtime period - Gianluca Curcuruto is hit by Jean-Sebastien Dea and loses puck.
6:23 of 1st overtime period - Penalty to William Lockwood is over, William Lockwood is back on ice.
6:25 of 1st overtime period - Dan Renouf is hit by Nicholas Caamano and loses puck.
6:30 of 1st overtime period - Snap shot by Nikolay Prokhorkin.
6:30 of 1st overtime period - Shot Misses the Net.
6:32 of 1st overtime period - Slapshot by Michael Prapavessis.
6:32 of 1st overtime period - Shot Blocked by Rasmus Asplund.
6:34 of 1st overtime period - Snap shot by Nicholas Caamano.
6:34 of 1st overtime period - Shot Misses the Net.
6:36 of 1st overtime period - Backhand shot by Jacob Bryson.
6:36 of 1st overtime period - Shot Blocked by Scott Harrington.
6:38 of 1st overtime period - Snap shot by Nikolay Prokhorkin.
6:38 of 1st overtime period - Deflect By Adam Lowry.
6:38 of 1st overtime period - Deflect By Scott Harrington.
6:38 of 1st overtime period - Shot Blocked by Rasmus Asplund.
6:38 of 1st overtime period - Puck is out of play.
6:39 of 1st overtime period - Vincent Dunn wins face-off versus Jean-Sebastien Dea in Canucks zone.
6:40 of 1st overtime period - Snap shot by Jacob Bryson.
6:40 of 1st overtime period - Stopped by Casey DeSmith without a rebound.
6:41 of 1st overtime period - Jean-Sebastien Dea wins face-off versus Vincent Dunn in Canucks zone.
6:50 of 1st overtime period - Wrist shot by Juho Lammikko.
6:50 of 1st overtime period - Shot Misses the Net.
6:52 of 1st overtime period - Snap shot by Guillaume Brisebois.
6:52 of 1st overtime period - Shot Misses the Net.
6:54 of 1st overtime period - Slapshot by Guillaume Brisebois.
6:54 of 1st overtime period - Goal by Guillaume Brisebois - Bears : 3 - Canucks : 4.
Goals for this period are 0 for Bears vs 1 for Canucks.
Shots for this period are 3 for Bears vs 3 for Canucks.
Output by the SimonT Hockey Simulator (STHS) for Francois Prevost